[Event "Titled Tuesday Blitz February 07 Early 2023"]
[White "So, Wesley"]
[Black "Ingebretsen, Jens E"]
[WhiteFideId "5202213"]
[BlackFideId "1522965"]
[WhiteElo "2760"]
[BlackElo "2342"]
[Result "1-0"]
[Round "01"]
[TimeControl "180+2"]
[Date "2023.02.07"]
[WhiteClock "0:01:15"]
[BlackClock "0:00:12"]

1. Nf3 d5 2. d4 Nc6 3. c4 e6 4. Nc3 Nf6 5. Bg5 Be7 6. e3 O-O 7. Rc1 a6 8. a3 dxc4 9. Bxc4 b5 10. Bd3 Bb7 11. O-O h6 12. Bxf6 Bxf6 13. Ne4 Be7 14. Qc2 Rc8 15. Rfd1 Qd5 16. Nc3 Qh5 17. Ne2 Bd6 18. Bh7+ Kh8 19. Be4 Na5 20. Bxb7 Nxb7 21. Qe4 Na5 22. d5 Nb3 23. Rc3 Nc5 24. Qc2 Na4 25. Rc6 exd5 26. Rxa6 Nb6 27. Ned4 g5 28. Qf5 Qg6 29. Qxg6 fxg6 30. Nxb5 Rf6 31. a4 g4 32. Nfd4 Rcf8 33. Nxd6 Rxd6 34. a5 Nc4 35. Rxd6 Nxd6 36. b4 Rb8 37. b5 Nc4 38. a6 Ra8 39. Rc1 Kg7 40. Ne6+ Kf6 41. Nxc7 Ra7 42. Nxd5+ 1-0


[Site "https://www.chess.com"]

[Event "Titled Tuesday Blitz February 07 Early 2023"]
[White "Berezin, Viktor"]
[Black "Fedoseev, Vladimir"]
[WhiteFideId "14107872"]
[BlackFideId "24130737"]
[WhiteElo "2307"]
[BlackElo "2680"]
[Result "0-1"]
[Round "01"]
[TimeControl "180+2"]
[Date "2023.02.07"]
[WhiteClock "0:00:03"]
[BlackClock "0:00:29"]

1. d4 Nf6 2. Nf3 e6 3. c4 b6 4. g3 Bb7 5. Bg2 Be7 6. O-O O-O 7. Nc3 Ne4 8. Qc2 Nxc3 9. Qxc3 Be4 10. Rd1 c6 11. Bh3 d6 12. Ne1 Nd7 13. f3 Bg6 14. Be3 b5 15. b3 bxc4 16. bxc4 c5 17. Rac1 Qc7 18. d5 e5 19. Bf2 f5 20. Bg2 f4 21. e4 fxe3 22. Bxe3 Rab8 23. Nc2 Bf6 24. Na3 e4 25. Qd2 exf3 26. Bxf3 Rb2 27. Nc2 Bd4 28. Bg4 Rxc2 29. Rxc2 Bxc2 30. Bxd4 Bxd1 31. Be6+ Kh8 32. Bxg7+ Kxg7 33. Qg5+ Kh8 34. Qe7 Qd8 35. Qxd6 Qf6 36. h4 Qf1+ 37. Kh2 Rf2# 0-1


[Site "https://www.chess.com"]

[Event "Titled Tuesday Blitz February 07 Early 2023"]
[White "Kollars, Dmitrij"]
[Black "Bethke, Richard"]
[WhiteFideId "12909572"]
[BlackFideId "12959243"]
[WhiteElo "2607"]
[BlackElo "2382"]
[Result "1-0"]
[Round "01"]
[TimeControl "180+2"]
[Date "2023.02.07"]
[WhiteClock "0:00:57"]
[BlackClock "0:00:02"]

1. e4 c6 2. d4 d5 3. e5 Bf5 4. Nf3 Nd7 5. Be2 e6 6. O-O h5 7. a4 Nh6 8. a5 Bb4 9. Bd2 Bxd2 10. Nbxd2 c5 11. c3 O-O 12. dxc5 Nxc5 13. Nd4 h4 14. h3 Bh7 15. N2f3 Rc8 16. Qd2 Ne4 17. Qf4 g5 18. Qe3 Kg7 19. a6 b6 20. Bd3 g4 21. hxg4 Nxg4 22. Qf4 Ngxf2 23. Rxf2 Nxf2 24. Bxh7 Nh3+ 25. gxh3 Kxh7 26. Ng5+ Kg6 27. Kh2 f6 28. Ngxe6 fxe5 1-0


[Site "https://www.chess.com"]

[Event "Titled Tuesday Blitz February 07 Early 2023"]
[White "Lehtosaari, Mauri"]
[Black "Daneshvar, Bardiya"]
[WhiteFideId "501999"]
[BlackFideId "12576468"]
[WhiteElo "2176"]
[BlackElo "2540"]
[Result "0-1"]
[Round "01"]
[TimeControl "180+2"]
[Date "2023.02.07"]
[WhiteClock "0:00:04"]
[BlackClock "0:01:27"]

1. d4 Nf6 2. Nf3 g6 3. Bg5 e6 4. Nbd2 h6 5. Bxf6 Qxf6 6. e4 Bg7 7. e5 Qe7 8. Bd3 d6 9. exd6 cxd6 10. O-O O-O 11. c3 Nc6 12. Re1 e5 13. h3 f5 14. dxe5 dxe5 15. Bc4+ Kh7 16. Qc2 e4 17. Nh2 Ne5 18. Bb3 Qg5 19. Ndf1 Bd7 20. Qd2 Rad8 21. Qxg5 hxg5 22. Rad1 Bb5 23. Ne3 Nd3 24. Re2 Rd7 25. Red2 Be5 26. Nhf1 Rfd8 27. Nc4 Bxc4 28. Bxc4 Bf4 29. Re2 Ne5 30. Rxd7+ Rxd7 31. Bb3 Bc1 32. Ne3 Bxe3 33. fxe3 Kg7 34. Kf1 Kf6 35. Ke1 Nd3+ 36. Kf1 Nc1 37. Rc2 Rd1+ 38. Kf2 Nd3+ 39. Kg3 Re1 40. Kh2 Rxe3 41. c4 Nc5 42. Rd2 Rd3 43. Rf2 Ke5 44. Bc2 Rd4 45. b3 e3 46. Re2 f4 47. Kg1 Ne4 0-1


[Site "https://www.chess.com"]

[Event "Titled Tuesday Blitz February 07 Early 2023"]
[White "Terry, Renato"]
[Black "Decuigniere, Tom"]
[WhiteFideId "3803457"]
[BlackFideId "26093820"]
[WhiteElo "2520"]
[BlackElo "2382"]
[Result "1-0"]
[Round "01"]
[TimeControl "180+2"]
[Date "2023.02.07"]
[WhiteClock "0:00:45"]
[BlackClock "0:00:04"]

1. d4 Nf6 2. Nf3 e6 3. c4 Bb4+ 4. Bd2 Qe7 5. g3 Nc6 6. Bg2 Bxd2+ 7. Nbxd2 d6 8. O-O O-O 9. Nb1 e5 10. Nc3 Bg4 11. d5 Bxf3 12. exf3 Nb8 13. Re1 Qd8 14. Qd2 Nbd7 15. Bh3 a5 16. b3 Nc5 17. Re2 Re8 18. Rae1 h6 19. Kg2 g6 20. Qxh6 Nh7 21. f4 Qf6 22. Nb5 Nd3 23. Rd1 exf4 24. Rxe8+ Rxe8 25. Rxd3 Ng5 26. Bg4 Re1 27. Nc3 Qe5 28. h4 f3+ 29. Bxf3 Nxf3 30. Rxf3 1-0


[Site "https://www.chess.com"]

[Event "Titled Tuesday Blitz February 07 Early 2023"]
[White "Omelja, Artem"]
[Black "Paravyan, David"]
[WhiteFideId "14119846"]
[BlackFideId "4194985"]
[WhiteElo "2446"]
[BlackElo "2601"]
[Result "1/2-1/2"]
[Round "01"]
[TimeControl "180+2"]
[Date "2023.02.07"]
[WhiteClock "0:01:03"]
[BlackClock "0:00:25"]

1. e4 e5 2. Nf3 Nf6 3. Nc3 Nc6 4. d4 exd4 5. Nxd4 Bb4 6. Nxc6 bxc6 7. Bd3 O-O 8. O-O d5 9. exd5 cxd5 10. Bg5 c6 11. Qf3 Bd6 12. Bxf6 Qxf6 13. Qxf6 gxf6 14. Ne2 Bd7 15. c3 Rfb8 16. b3 a5 17. Ng3 c5 18. Bf5 Be6 19. Rfe1 Be5 20. Rac1 a4 21. Bxe6 fxe6 22. c4 Ra5 23. cxd5 exd5 24. Red1 Bxg3 25. hxg3 d4 26. bxa4 Rb4 27. Rd2 Rbxa4 28. Rdc2 d3 29. Rxc5 d2 30. Rc8+ Kg7 31. Rd1 Rxa2 32. Rd8 h5 33. R8xd2 Rxd2 34. Rxd2 Kg6 1/2-1/2


[Site "https://www.chess.com"]

[Event "Titled Tuesday Blitz February 07 Early 2023"]
[White "Indjic, Aleksandar"]
[Black "Brilej, Jaka"]
[WhiteFideId "911925"]
[BlackFideId "14618818"]
[WhiteElo "2618"]
[BlackElo "2321"]
[Result "1-0"]
[Round "01"]
[TimeControl "180+2"]
[Date "2023.02.07"]
[WhiteClock "0:00:59"]
[BlackClock "0:01:17"]

1. e4 d6 2. d4 Nf6 3. Nc3 g6 4. Nf3 Bg7 5. Be3 O-O 6. Qd2 Ng4 7. Bg5 Nc6 8. h3 Nf6 9. Bh6 e5 10. Bxg7 Kxg7 11. O-O-O Qe7 12. Re1 a6 13. Nd5 Qd8 14. Bc4 Nxd5 15. Bxd5 Nxd4 16. Nxd4 exd4 17. Qxd4+ Qf6 18. Rd1 Rb8 19. Rhe1 Qxd4 20. Rxd4 Be6 21. Re3 Bxd5 22. exd5 Rfe8 23. Rde4 Kf8 24. Kd2 Rxe4 25. Rxe4 Re8 26. Rb4 b6 27. f4 Ke7 28. Ra4 a5 29. Re4+ Kd7 30. Rxe8 Kxe8 31. Kd3 f5 32. Kc4 Ke7 33. Kb5 Kd7 34. c3 h5 35. h4 Kd8 36. b4 axb4 37. cxb4 Kc8 38. Kc6 Kb8 39. a4 1-0


[Site "https://www.chess.com"]

[Event "Titled Tuesday Blitz February 07 Early 2023"]
[White "Colas, Joshua"]
[Black "Zierk, Steven"]
[WhiteFideId "2044447"]
[BlackFideId "2034255"]
[WhiteElo "2342"]
[BlackElo "2488"]
[Result "0-1"]
[Round "01"]
[TimeControl "180+2"]
[Date "2023.02.07"]
[WhiteClock "0:00:04"]
[BlackClock "0:00:12"]

1. Nf3 e6 2. c4 f5 3. g3 Nf6 4. Bg2 d5 5. O-O Bd6 6. b3 Qe7 7. Bb2 O-O 8. d4 c6 9. Ne5 b6 10. Nc3 Bb7 11. Qc2 Nbd7 12. cxd5 exd5 13. Qxf5 Nxe5 14. dxe5 Qxe5 15. Qxe5 Bxe5 16. e3 Ne4 17. Bxe4 dxe4 18. Rfd1 Ba6 19. Na4 Bc7 20. Bc3 Rf7 21. Nb2 Be2 22. Rd2 Bf3 23. Nc4 Re8 24. Nd6 Bxd6 25. Rxd6 c5 26. Rc1 Rc8 27. Rc2 h5 28. h4 Bg4 29. Rcd2 Kh7 30. Rd8 Rcc7 31. Be5 Rce7 32. Bc3 Bd7 33. Kg2 Bg4 0-1


[Site "https://www.chess.com"]

[Event "Titled Tuesday Blitz February 07 Early 2023"]
[White "Sjugirov, Sanan"]
[Black "Mostbauer, Maximilian"]
[WhiteFideId "4189302"]
[BlackFideId "1626680"]
[WhiteElo "2712"]
[BlackElo "2167"]
[Result "1-0"]
[Round "01"]
[TimeControl "180+2"]
[Date "2023.02.07"]
[WhiteClock "0:00:15"]
[BlackClock "0:00:23"]

1. d4 e6 2. c4 b6 3. Nf3 Bb7 4. g3 Nf6 5. Bg2 g6 6. Nc3 Ne4 7. d5 Nxc3 8. Qd4 Rg8 9. Qxc3 Bg7 10. Qb3 Na6 11. O-O Qe7 12. Rd1 e5 13. a3 Nc5 14. Qc2 a5 15. Bg5 f6 16. Be3 a4 17. Nd2 d6 18. Nb1 Bc8 19. Bxc5 bxc5 20. Nc3 Bd7 21. b3 axb3 22. Qxb3 Kf7 23. a4 Rgb8 24. Nb5 Bxb5 25. cxb5 Ra5 26. Qc4 Rba8 27. e4 Qd7 28. Ra2 Kg8 29. h4 Bh6 30. Kh2 Qd8 31. Bh3 R8a7 32. Rd3 Qa8 33. Rda3 Bg7 34. Bd7 Qd8 35. Bc6 Qc8 36. Kg2 Qg4 37. f3 Qc8 38. Rb3 Bh6 39. b6 cxb6 40. Rxb6 Be3 41. Rab2 Rxa4 42. Bxa4 1-0


[Site "https://www.chess.com"]

[Event "Titled Tuesday Blitz February 07 Early 2023"]
[White "Di Nicolantonio, Lucas"]
[Black "Korobov, Anton"]
[WhiteFideId "680460"]
[BlackFideId "14105730"]
[WhiteElo "2376"]
[BlackElo "2664"]
[Result "0-1"]
[Round "01"]
[TimeControl "180+2"]
[Date "2023.02.07"]
[WhiteClock "0:00:06"]
[BlackClock "0:00:33"]

1. Nf3 d5 2. e3 c6 3. c4 Nf6 4. Nc3 a6 5. d4 Bf5 6. Bd3 Bxd3 7. Qxd3 e6 8. O-O Bb4 9. Bd2 Ba5 10. Rab1 O-O 11. b4 Bc7 12. a4 Nbd7 13. Rfd1 Nb6 14. cxd5 cxd5 15. h3 Rc8 16. b5 a5 17. Ne5 Bxe5 18. dxe5 Nfd7 19. f4 Rc4 20. Rdc1 Nc5 21. Qe2 Ncxa4 22. Nxa4 Rxa4 23. Bc3 Nc4 24. Bd4 Qe7 25. Rf1 Rb4 26. Rxb4 axb4 27. f5 exf5 28. Rxf5 b3 29. Rf1 Ra8 30. e4 Qe6 31. exd5 Qxd5 32. Qg4 Qe6 33. Qh4 h6 34. Bc3 b2 35. Kh2 Qg6 36. e6 Qxe6 37. Qg3 Qd6 38. Rf4 g5 0-1


[Site "https://www.chess.com"]

[Event "Titled Tuesday Blitz February 07 Early 2023"]
[White "Bok, Benjamin"]
[Black "Borrmann, Laurenz"]
[WhiteFideId "1017063"]
[BlackFideId "312187930"]
[WhiteElo "2607"]
[BlackElo "2304"]
[Result "1-0"]
[Round "01"]
[TimeControl "180+2"]
[Date "2023.02.07"]
[WhiteClock "0:00:45"]
[BlackClock "0:00:03"]

1. d4 Nf6 2. c4 e6 3. Nc3 Bb4 4. Qc2 O-O 5. a3 Bxc3+ 6. Qxc3 d5 7. Bg5 dxc4 8. Qxc4 h6 9. Bh4 b6 10. Rd1 Ba6 11. Qa4 Bb7 12. f3 Qe7 13. e4 e5 14. Ne2 Nbd7 15. Nc3 Rfd8 16. Be2 exd4 17. Qxd4 Ne5 18. Qe3 Rxd1+ 19. Nxd1 Ng6 20. Bf2 Rd8 21. O-O Qd6 22. Nc3 Qe5 23. Bg3 Qe7 24. Rd1 Nh5 25. Bf2 Nhf4 26. Rxd8+ Qxd8 27. Bf1 a6 28. g3 Ne6 29. f4 Nc5 30. b4 Nd7 31. Qd4 c5 32. bxc5 bxc5 33. Qd6 Qe7 34. Qc7 Nf6 35. Qxe7 Nxe7 36. Bxc5 Nc8 37. Bh3 g5 38. e5 1-0


[Site "https://www.chess.com"]

[Event "Titled Tuesday Blitz February 07 Early 2023"]
[White "Mogranzini, Roberto"]
[Black "Sychev, Klementy"]
[WhiteFideId "810894"]
[BlackFideId "4114060"]
[WhiteElo "2459"]
[BlackElo "2547"]
[Result "1/2-1/2"]
[Round "01"]
[TimeControl "180+2"]
[Date "2023.02.07"]
[WhiteClock "0:00:19"]
[BlackClock "0:00:11"]

1. e4 e5 2. Nf3 Nc6 3. Bb5 a6 4. Ba4 b5 5. Bb3 Na5 6. d3 d6 7. O-O Ne7 8. Bg5 h6 9. Bxe7 Bxe7 10. Nc3 O-O 11. Nd5 Nxb3 12. axb3 f5 13. exf5 Bxf5 14. Nxe7+ Qxe7 15. Nd2 Qg5 16. Ne4 Qg6 17. Ng3 Bc8 18. d4 exd4 19. Qxd4 Bb7 20. c4 Kh8 21. Rae1 Rf7 22. Re2 Raf8 23. Rfe1 bxc4 24. bxc4 Bc6 25. f3 Kg8 26. c5 Bb5 27. Re7 Qc2 28. cxd6 cxd6 29. b4 Qc6 30. Nf5 Kh7 31. Nxg7 Rxe7 32. Rxe7 Qc1+ 33. Kf2 Qc2+ 34. Kg1 Qc1+ 35. Kf2 Qc2+ 36. Kg1 Qc1+ 1/2-1/2


[Site "https://www.chess.com"]

[Event "Titled Tuesday Blitz February 07 Early 2023"]
[White "Chigaev, Maksim"]
[Black "Gurevich, Dmitry"]
[WhiteFideId "4108116"]
[BlackFideId "2000407"]
[WhiteElo "2628"]
[BlackElo "2393"]
[Result "1-0"]
[Round "01"]
[TimeControl "180+2"]
[Date "2023.02.07"]
[WhiteClock "0:00:06"]
[BlackClock "0:00:45"]

1. e4 c5 2. Nf3 d6 3. d4 cxd4 4. Nxd4 Nf6 5. Nc3 Nc6 6. Bg5 e6 7. Qd2 Be7 8. O-O-O O-O 9. f4 h6 10. h4 Nxd4 11. Qxd4 Qa5 12. Be2 e5 13. Qf2 exf4 14. Nd5 Nxd5 15. Rxd5 Qxa2 16. Bxe7 Qa1+ 17. Kd2 Qxh1 18. Bxf8 Kxf8 19. Rxd6 Be6 20. Qxf4 Kg8 21. Bf3 Qa1 22. Qe5 Qg1 23. Qd4 Qh2 24. e5 Rb8 25. h5 Qg3 26. Rd8+ Rxd8 27. Qxd8+ Kh7 28. Be4+ g6 29. hxg6+ fxg6 30. Qe7+ Kh8 31. Qxe6 Qf4+ 32. Kd3 Qf1+ 33. Kd4 Qf2+ 34. Kd5 Qd2+ 35. Kc4 b5+ 36. Kb3 1-0


[Site "https://www.chess.com"]

[Event "Titled Tuesday Blitz February 07 Early 2023"]
[White "Seletsky, Grigory"]
[Black "Ibarra Jerez, Jose Carlos"]
[WhiteFideId "14112191"]
[BlackFideId "2226332"]
[WhiteElo "2259"]
[BlackElo "2563"]
[Result "0-1"]
[Round "01"]
[TimeControl "180+2"]
[Date "2023.02.07"]
[WhiteClock "0:00:16"]
[BlackClock "0:00:40"]

1. d4 Nf6 2. Nf3 g6 3. Bg5 Bg7 4. c3 O-O 5. Nbd2 d6 6. e4 c5 7. dxc5 dxc5 8. Qc2 Nc6 9. Be2 Qc7 10. O-O h6 11. Bh4 Nh5 12. Bg3 Nxg3 13. hxg3 b6 14. a4 h5 15. Rfe1 Bb7 16. Nc4 Rad8 17. Bf1 Bc8 18. Rad1 Rxd1 19. Rxd1 Rd8 20. Rxd8+ Qxd8 21. Qd3 Qxd3 22. Bxd3 Bh6 23. Kf1 f6 24. Ke2 Kf7 25. Ne3 e6 26. Nc4 Ke7 27. Nfd2 g5 28. f3 Bd7 29. Kd1 g4 30. Ke2 f5 31. f4 h4 32. Kf2 Kf6 33. e5+ Ke7 34. Nf1 Nd8 35. Bc2 Nf7 36. Ke3 Bc6 37. Kf2 Nh8 38. gxh4 Bxf4 39. g3 Bh6 40. Nfe3 Bd5 41. Nxd5+ exd5 42. Ne3 Bxe3+ 43. Kxe3 Ke6 44. Kf4 Ng6+ 45. Kg5 f4 46. gxf4 g3 47. Bf5+ Kf7 48. Bh3 d4 49. cxd4 cxd4 50. h5 Nf8 51. Kh4 d3 52. Kxg3 d2 53. Bg4 Ne6 54. f5 Nd4 55. h6 Nxf5+ 56. Kf4 Nxh6 57. Bh3 d1=Q 0-1


[Site "https://www.chess.com"]

[Event "Titled Tuesday Blitz February 07 Early 2023"]
[White "Nguyen, Ngoc Truong Son"]
[Black "Ezat, Mohamed"]
[WhiteFideId "12401110"]
[BlackFideId "10600906"]
[WhiteElo "2645"]
[BlackElo "2402"]
[Result "1-0"]
[Round "01"]
[TimeControl "180+2"]
[Date "2023.02.07"]
[WhiteClock "0:01:27"]
[BlackClock "0:00:02"]

1. d4 Nf6 2. c4 g6 3. Nc3 Bg7 4. e4 d6 5. f4 O-O 6. Nf3 c5 7. d5 b5 8. cxb5 a6 9. a4 Bb7 10. Bd3 axb5 11. Bxb5 e6 12. dxe6 fxe6 13. e5 Nd5 14. O-O Nxf4 15. Bxf4 Rxf4 16. Qxd6 Qxd6 17. exd6 Nc6 18. Ng5 Rxf1+ 19. Rxf1 Nd4 20. Bc4 Rf8 21. d7 Rxf1+ 22. Kxf1 Bf6 23. Nxe6 Nxe6 24. Bxe6+ Kf8 25. Nd5 Bxd5 26. Bxd5 Ke7 27. Bc6 Bxb2 28. a5 c4 29. Ke2 Bd4 30. a6 Kd8 31. g4 h6 32. h4 Kc7 33. g5 hxg5 34. hxg5 Kd8 35. Kd2 Kc7 36. Kc2 Kd8 37. Kb1 Kc7 38. Ka2 Bc5 39. Kb2 Bd4+ 40. Ka3 Kd8 41. Kb4 c3 42. Kb3 Kc7 43. Kc2 Kd8 44. Kd3 Kc7 45. Ba4 c2 46. Bxc2 1-0


[Site "https://www.chess.com"]

[Event "Titled Tuesday Blitz February 07 Early 2023"]
[White "Schekachikhin, Maksim"]
[Black "Vokhidov, Shamsiddin"]
[WhiteFideId "24177830"]
[BlackFideId "14204223"]
[WhiteElo "2371"]
[BlackElo "2586"]
[Result "0-1"]
[Round "01"]
[TimeControl "180+2"]
[Date "2023.02.07"]
[WhiteClock "0:00:23"]
[BlackClock "0:02:25"]

1. c4 Nf6 2. Nc3 c5 3. Nf3 d5 4. cxd5 Nxd5 5. e3 g6 6. Bc4 Nb6 7. Bb5+ Bd7 8. Bxd7+ Qxd7 9. O-O Bg7 10. d4 cxd4 11. exd4 O-O 12. Re1 Nc6 13. d5 Nb4 14. Ne5 Qf5 15. g4 Qc2 16. Bf4 Qxb2 17. Rc1 Rac8 18. Re2 Qa3 19. Qb3 Qxb3 20. axb3 N6xd5 21. Nxd5 Nxd5 0-1


[Site "https://www.chess.com"]

[Event "Titled Tuesday Blitz February 07 Early 2023"]
[White "Mitrabha, Guha"]
[Black "Kleiman, Jake"]
[WhiteFideId "5057000"]
[BlackFideId "2020041"]
[WhiteElo "2507"]
[BlackElo "2399"]
[Result "1-0"]
[Round "01"]
[TimeControl "180+2"]
[Date "2023.02.07"]
[WhiteClock "0:01:33"]
[BlackClock "0:02:18"]

1. d4 Nf6 2. c4 e6 3. Nf3 Bb4+ 4. Nbd2 O-O 5. a3 Be7 6. e4 d5 7. e5 Nfd7 8. Bd3 c5 9. h4 g6 10. Nb3 Nc6 11. h5 dxc4 12. Bxc4 cxd4 13. hxg6 hxg6 14. Qd2 g5 15. Qd3 1-0


[Site "https://www.chess.com"]

[Event "Titled Tuesday Blitz February 07 Early 2023"]
[White "Slade, Theodore"]
[Black "Keymer, Vincent"]
[WhiteFideId "426547"]
[BlackFideId "12940690"]
[WhiteElo "1995"]
[BlackElo "2700"]
[Result "0-1"]
[Round "01"]
[TimeControl "180+2"]
[Date "2023.02.07"]
[WhiteClock "0:00:52"]
[BlackClock "0:02:07"]

1. d4 Nf6 2. c4 e6 3. g3 Bb4+ 4. Bd2 Be7 5. Bg2 d5 6. Nf3 O-O 7. O-O c6 8. Qc2 Nbd7 9. Bf4 a5 10. b3 b6 11. Nc3 Ba6 12. Rfd1 Rc8 13. e4 dxc4 14. bxc4 Bxc4 15. Rac1 h6 16. Nd2 Ba6 17. e5 Nd5 18. Nxd5 cxd5 19. Qb3 b5 20. Bf1 Qb6 21. Nf3 b4 22. Bxa6 Qxa6 23. h4 a4 24. Qe3 Rxc1 25. Rxc1 Rc8 26. Rxc8+ Qxc8 27. h5 Qc2 28. Bxh6 gxh6 29. Qxh6 b3 30. Ng5 bxa2 31. Nxe6 a1=Q+ 32. Kg2 Qh7 0-1


[Site "https://www.chess.com"]

[Event "Titled Tuesday Blitz February 07 Early 2023"]
[White "Svane, Frederik"]
[Black "Hnydiuk, Aleksander"]
[WhiteFideId "12923044"]
[BlackFideId "1109057"]
[WhiteElo "2600"]
[BlackElo "2363"]
[Result "1/2-1/2"]
[Round "01"]
[TimeControl "180+2"]
[Date "2023.02.07"]
[WhiteClock "0:00:06"]
[BlackClock "0:00:10"]

1. e4 e5 2. Nf3 Nc6 3. Bb5 Nf6 4. O-O Nxe4 5. Re1 Nd6 6. Ba4 Be7 7. d4 e4 8. Ne5 O-O 9. Nc3 Bf6 10. Nxe4 Nxe4 11. Rxe4 Re8 12. Nxf7 Kxf7 13. Qh5+ Kf8 14. Bb3 d5 15. Bxd5 Re7 16. b3 Qe8 17. Qxh7 Be6 18. Bxe6 Rxe6 19. Ba3+ Kf7 20. Qh5+ Kg8 21. Qd5 Nxd4 22. Rae1 Qc6 23. Qxc6 Rxc6 24. c4 Nc2 25. Re8+ Rxe8 26. Rxe8+ Kf7 27. Rf8+ Kg6 28. Bc1 Re6 29. Be3 Nxe3 30. fxe3 Rxe3 31. Rc8 Re7 32. Kf2 c5 33. Kf3 Bd4 34. h4 b6 35. g4 Re3+ 36. Kf4 Re2 37. h5+ Kh7 38. Ra8 Rf2+ 39. Kg3 Rxa2 40. g5 Be3 41. Kh4 Bxg5+ 42. Kxg5 Rg2+ 43. Kf4 Rb2 44. Rxa7 Rxb3 45. Ke4 Rb4 46. Kd5 b5 47. Kxc5 Rxc4+ 48. Kxb5 Rh4 49. Kc5 Rxh5+ 50. Kd4 Rf5 51. Ke4 Rf6 52. Ra1 g5 53. Rg1 Kg6 54. Ke3 Kh5 55. Rh1+ Kg4 56. Rg1+ Kh5 57. Rh1+ Kg6 58. Rg1 Rf4 59. Rh1 Kf5 60. Rg1 Kf6 61. Rh1 Kg6 62. Rg1 Rf7 63. Ke4 Rf8 64. Ke3 Rf5 65. Ke4 Kf6 66. Ke3 Rf4 67. Rh1 Kf5 68. Rg1 Ra4 69. Kf3 Ra3+ 70. Kg2 Kf4 71. Rb1 Ra2+ 72. Kg1 Kg3 73. Rb3+ Kh4 74. Rb1 g4 75. Rc1 g3 76. Rc4+ Kh3 77. Rc1 Rg2+ 78. Kh1 Rh2+ 79. Kg1 Rg2+ 80. Kh1 Rd2 81. Kg1 Re2 82. Kh1 Rh2+ 83. Kg1 Rf2 84. Rb1 Rg2+ 85. Kh1 Re2 86. Kg1 Kg4 87. Rb4+ Kf3 88. Rb3+ Re3 89. Rxe3+ Kxe3 90. Kg2 Kf4 91. Kg1 Kf3 92. Kf1 g2+ 93. Kg1 Kg3 1/2-1/2


[Site "https://www.chess.com"]

[Event "Titled Tuesday Blitz February 07 Early 2023"]
[White "Kochetov, Andrey"]
[Black "Bruzon Batista, Lazaro"]
[WhiteFideId "24130532"]
[BlackFideId "3503739"]
[WhiteElo "2165"]
[BlackElo "2611"]
[Result "0-1"]
[Round "01"]
[TimeControl "180+2"]
[Date "2023.02.07"]
[WhiteClock "0:00:52"]
[BlackClock "0:00:51"]

1. e4 c5 2. Nf3 e6 3. d4 cxd4 4. Nxd4 a6 5. c4 Nf6 6. Nc3 Qc7 7. Be2 Bb4 8. Qd3 O-O 9. O-O b6 10. f3 Bb7 11. Nc2 Be7 12. Be3 d6 13. Rac1 Nbd7 14. b3 Rac8 15. Nd4 Rfe8 16. Rfd1 Qb8 17. b4 Ne5 18. Qd2 Nxc4 19. Bxc4 Rxc4 20. Nb3 d5 21. exd5 Bxd5 22. Nxd5 exd5 23. a3 Bd6 24. h3 Bh2+ 25. Kf1 h6 26. Qf2 Bc7 27. Nd4 Qc8 28. Nc6 Qe6 0-1


[Site "https://www.chess.com"]

[Event "Titled Tuesday Blitz February 07 Early 2023"]
[White "Kamsky, Gata"]
[Black "Osmak, Yuliia"]
[WhiteFideId "2000024"]
[BlackFideId "14101602"]
[WhiteElo "2665"]
[BlackElo "2440"]
[Result "1-0"]
[Round "01"]
[TimeControl "180+2"]
[Date "2023.02.07"]
[WhiteClock "0:01:56"]
[BlackClock "0:01:29"]

1. d4 d5 2. Bf4 Nf6 3. e3 e6 4. Nf3 Bd6 5. Bxd6 Qxd6 6. c4 c5 7. Nc3 O-O 8. cxd5 cxd4 9. Qxd4 exd5 10. Be2 Nc6 11. Qd2 Bg4 12. O-O Rad8 13. Rfd1 Qe7 14. Nd4 Nxd4 15. Qxd4 Bxe2 16. Nxe2 b6 17. Nc3 Rd7 18. Rd3 Rc8 19. Rad1 Rc4 20. Nxd5 1-0


[Site "https://www.chess.com"]

[Event "Titled Tuesday Blitz February 07 Early 2023"]
[White "Kumala, Aleksander"]
[Black "Tsydypov, Zhamsaran"]
[WhiteFideId "1141880"]
[BlackFideId "4108566"]
[WhiteElo "2165"]
[BlackElo "2518"]
[Result "1-0"]
[Round "01"]
[TimeControl "180+2"]
[Date "2023.02.07"]
[WhiteClock "0:00:18"]
[BlackClock "0:01:50"]

1. d4 Nf6 2. Bg5 Ne4 3. h4 c5 4. d5 Qb6 5. Nd2 Nxd2 6. Bxd2 Qxb2 7. Nf3 g6 8. e4 Bg7 9. Rb1 Qxa2 10. h5 d6 11. c3 Qa5 12. Ra1 Qc7 13. Bd3 Bg4 14. Qa4+ Kf8 15. h6 Bf6 16. e5 Bxf3 17. exf6 Bxg2 18. Bg5 exf6 19. Bxf6 Nd7 20. Bxh8 Bxh1 21. Qf4 Bxd5 22. Bxg6 Kg8 23. Bxh7+ Kxh8 24. Qg5 Re8+ 25. Kd2 1-0


[Site "https://www.chess.com"]

[Event "Titled Tuesday Blitz February 07 Early 2023"]
[White "Timofeev, Artyom"]
[Black "Bettalli, Francesco"]
[WhiteFideId "4140419"]
[BlackFideId "2816453"]
[WhiteElo "2567"]
[BlackElo "2252"]
[Result "1-0"]
[Round "01"]
[TimeControl "180+2"]
[Date "2023.02.07"]
[WhiteClock "0:01:31"]
[BlackClock "0:00:02"]

1. e4 e5 2. Nf3 Nf6 3. Nxe5 Nxe4 4. Qe2 Qe7 5. Qxe4 d6 6. f4 dxe5 7. fxe5 Nc6 8. d4 f5 9. Qf4 g5 10. Qf2 Be6 11. Bb5 O-O-O 12. Bxc6 bxc6 13. Nc3 f4 14. Bd2 Qb4 15. O-O-O Qxd4 16. Qe2 Qc4 17. Qh5 Be7 18. h4 g4 19. Qh6 Rhf8 20. b3 Ba3+ 21. Kb1 Qc5 22. Qxe6+ Kb7 23. Qc4 1-0


[Site "https://www.chess.com"]

[Event "Titled Tuesday Blitz February 07 Early 2023"]
[White "Toncheva, Nadya"]
[Black "Urazayev, Arystanbek"]
[WhiteFideId "2924056"]
[BlackFideId "13709810"]
[WhiteElo "2295"]
[BlackElo "2460"]
[Result "0-1"]
[Round "01"]
[TimeControl "180+2"]
[Date "2023.02.07"]
[WhiteClock "0:00:06"]
[BlackClock "0:00:07"]

1. e4 e6 2. d4 d5 3. Nd2 Be7 4. Ngf3 Nf6 5. e5 Nfd7 6. Bd3 c5 7. c3 Nc6 8. O-O a5 9. Re1 a4 10. Nf1 O-O 11. Be3 a3 12. b3 cxd4 13. cxd4 f6 14. exf6 Nxf6 15. Rc1 Bd6 16. Ng3 Bd7 17. Bg5 h6 18. Bh4 Qa5 19. Bb1 Rae8 20. Qd3 Bxg3 21. Bxg3 Ne4 22. Qe3 Nxg3 23. hxg3 Qa6 24. Ne5 Nxe5 25. Qxe5 Qa5 26. Qe3 Qd8 27. Qd3 Qf6 28. Rc2 Bc6 29. Rce2 Bd7 30. b4 Kf7 31. Re3 Ke7 32. Rf3 Qg5 33. Qxa3 Rxf3 34. Qxf3 Rf8 35. Qe3 Qf6 36. Bd3 Rc8 37. Qf3 Qxf3 38. gxf3 Rc3 39. Bf1 Rc2 40. Re2 Rc1 41. Kg2 Bb5 42. Re5 Bxf1+ 43. Kh2 Bc4 44. a3 Ra1 45. f4 Rxa3 46. f5 Rf3 47. Rxe6+ Kf7 48. Kg2 Rxf5 49. Rb6 Bd3 50. Rxb7+ Kg6 51. Rb6+ Rf6 52. Rb8 Be4+ 53. Kg1 Bf3 54. Rd8 Rc6 55. Kh2 Rc1 56. Rd6+ Kg5 57. g4 Kh4 0-1


[Site "https://www.chess.com"]

[Event "Titled Tuesday Blitz February 07 Early 2023"]
[White "Belous, Vladimir"]
[Black "Dushyant Sharma"]
[WhiteFideId "4174003"]
[BlackFideId "25065130"]
[WhiteElo "2505"]
[BlackElo "2355"]
[Result "1-0"]
[Round "01"]
[TimeControl "180+2"]
[Date "2023.02.07"]
[WhiteClock "0:00:33"]
[BlackClock "0:00:01"]

1. c4 e6 2. Nf3 d5 3. g3 Nf6 4. Bg2 Be7 5. O-O O-O 6. b3 c5 7. Bb2 Nc6 8. e3 b6 9. Qe2 Bb7 10. Nc3 Rc8 11. Rad1 d4 12. exd4 cxd4 13. Nb5 d3 14. Qe3 Nb4 15. Ne5 Bxg2 16. Kxg2 a6 17. Nc3 Bc5 18. Qf3 b5 19. a3 Nc2 20. cxb5 axb5 21. Nxb5 Nd4 22. Bxd4 Bxd4 23. Nc6 Rxc6 24. Qxc6 Bb6 25. b4 Qb8 26. Rc1 Nd5 27. Nd6 Rd8 28. Nc4 Bd4 29. Ne3 Bxe3 30. fxe3 Qe5 31. Qd7 Qe4+ 32. Kg1 Rf8 33. Qxf7+ 1-0


[Site "https://www.chess.com"]